 Dungeon Crawl Stone Soup version 0.31.0-11-ge490571c62 (webtiles) character file.

Game seed: 7460632997297614129

38 qw the Shooter (level 3, 0/20 HPs)
             Began as a Deep Elf Hunter on Feb 4, 2024.
             Succumbed to an adder's poison
             ... on level 2 of the Dungeon.
             The game lasted 00:00:04 (1150 turns).

qw the Shooter (Deep Elf Hunter)                    Turns: 1150, Time: 00:00:04

Health: 0/20       AC:  3    Str: 10    XL:     3   Next: 25%
Magic:  5/5        EV: 12    Int: 13    God:
Gold:   119        SH:  0    Dex: 18    Spells: 2/2 levels left

rFire   . . .        a - +0 shortbow
rCold   . . .        (shield currently unavailable)
rNeg    . . .        c - +0 leather armour
rPois   .            (no helmet)
rElec   .            (no cloak)
rCorr   .            (no gloves)
SInv    .            (no boots)
Will    .....        (no amulet)
Stlth   ++           (no ring)
HPRegen 0.23/turn    (no ring)
MPRegen 0.09/turn

%: no passive effects
@: lethally poisoned (0 -> -2)
A: no striking features
a: no special abilities


You were on level 2 of the Dungeon.
You visited 1 branch of the dungeon, and saw 2 of its levels.

You collected 119 gold pieces.


   Skills:
 - Level 1.5 Fighting
 + Level 6.8 Ranged Weapons
 - Level 2.4 Dodging
 - Level 1.2 Stealth


You had 2 spell levels left.
You didn't know any spells.
Your spell library was empty.

Inventory:

Hand Weapons
 a - a +0 shortbow (weapon)
Armour
 c - a +0 leather armour (worn)
Scrolls
 b - a scroll of enchant weapon {unknown}
 e - a scroll of identify {unknown}
 f - a scroll of revelation {unknown}
Potions
 d - a potion of heal wounds {unknown}

Dungeon Overview and Level Annotations

Branches:
Dungeon (2/15)

Altars:


Message History

You shoot an arrow. The arrow hits the goblin.
You kill the goblin!
b - a scroll labelled YGOKIARAOT The goblin shoots a sling bullet.
The sling bullet hits you.
You shoot an arrow. The arrow hits the goblin!
You kill the goblin!
You have reached level 3!
Your experience leads to an increase in your attributes!
Increase (S)trength, (I)ntelligence, or (D)exterity?
You feel stronger. x2
You start resting.
HP restored.
e - a scroll labelled RAFUUM BONA
f - a scroll labelled MUWIRO LYASI An adder comes into view.
The adder hisses angrily.
The adder bites you.
You are poisoned.
The adder poisons you!
You shoot an arrow. The arrow misses the adder.
You feel sick. The adder bites you.
You are more poisoned.
The adder poisons you!
You shoot an arrow. The arrow hits the adder.
The adder is moderately wounded.
You feel very sick. The adder closely misses you. The adder bites you.
You shoot an arrow. The arrow hits the adder.
The adder is moderately wounded.
You feel sick. The adder bites you but does no damage.
You shoot an arrow. The arrow hits the adder.
The adder is heavily wounded.
You feel sick. The adder barely misses you. x2
You shoot an arrow. The arrow closely misses the adder.
You feel sick. The adder barely misses you.
You shoot an arrow. The arrow hits the adder.
You kill the adder!
You feel sick.
There is a lethal amount of poison in your body!
You die...

#########
######
#.......#
#....# #@#
###.##.#
#.###....#.#
#........#.#
#####.##.#.#
#.##.#.#
#.##.#.#
#.##.#.#
#....#.#
#..###.#


There were no monsters in sight!

Vanquished Creatures
  An adder (D:2)
  A ribbon worm (D:1)
  3 endoplasms (D:1)
  A giant cockroach (D:1)
  3 goblins
  A hobgoblin (D:1)
  3 jackals (D:1)
  3 ball pythons (D:1)
  2 bats (D:1)
  2 frilled lizards (D:1)
  5 kobolds (D:1)
25 creatures vanquished.

Notes
Turn   | Place    | Note
-------+----------+-------------------------------------------
     0 | D:1      | qw the Deep Elf Hunter began the quest for the Orb.
     0 | D:1      | Reached XP level 1. HP: 12/12 MP: 3/3
     0 | D:1      | 0 ||| qw: Version: 0.3-a-160-g6735b56
     0 | D:1      | 0 ||| qw: Game counter: 5397
     0 | D:1      | 0 ||| qw: Melee chars always use a shield: true
     0 | D:1      | 0 ||| qw: God list: Okawaru
     0 | D:1      | 0 ||| qw: Allow faded altars: false
     0 | D:1      | 0 ||| qw: Do Orc after clearing Dungeon:15 true
     0 | D:1      | 0 ||| qw: Do second Lair branch before Depths: true
     0 | D:1      | 0 ||| qw: Lair rune preference: random
     0 | D:1      | 0 ||| qw: Goals: Normal
     0 | D:1      | 0 ||| PLANNING D:1-11
   309 | D:1      | Reached skill level 6 in Ranged Weapons
   309 | D:1      | Reached XP level 2. HP: 16/16 MP: 4/4
   886 | D:1      | 886 ||| DROPPING scroll of butterflies.
   918 | D:2      | 918 ||| FLEEEEING.
   919 | D:2      | 919 ||| FLEEEEING.
   920 | D:2      | 920 ||| FLEEEEING.
   921 | D:2      | 921 ||| STAIRDANCE
   929 | D:2      | 929 ||| STAIRDANCE
   950 | D:2      | 950 ||| STAIRDANCE
   963 | D:2      | 963 ||| STAIRDANCE
   990 | D:2      | 990 ||| STAIRDANCE
  1036 | D:2      | Reached XP level 3. HP: 16/20 MP: 5/5
  1145 | D:2      | HP: 5/20 [adder (3)]
  1147 | D:2      | HP: 2/20 [poisoned by an adder]
  1150 | D:2      | Succumbed to an adder's poison

Levels and vault maps discovered:
D:1:      psy_arrival_terrarium, layout_loops_corners, grunt_decor_junction,
          minmay_misc_feat_x, minmay_misc_feat_cross, serial_bayou_lagoon_a,
          dreamdust_wishing_well
D:2:      layout_basic, minmay_misc_feat_more_columns

Skill      XL: |  1 |
---------------+----+-----
Ranged Weapons | 6 |  6.8
Fighting       | |  1.5
Dodging        | |  2.4
Stealth        | |  1.2

Action                     || total
---------------------------++-------
   Fire: Shortbow          ||    63
 Armour: Leather armour    ||    19
  Dodge: Dodged            ||    18

Table legend:
 A = Non-vault XP
 B = Vault XP
 C = Vault XP percentage of total XP
 D = Non-vault monster count
 E = Vault monster count
 F = Vault count percentage of total count
                 A         B        C        D         E       F
            +---------+---------+-------+---------+---------+-------
      Total |      55 |       0 |   0.0 |      25 |       0 |   0.0
            +---------+---------+-------+---------+---------+-------
        D:1 |      38 |       0 |   0.0 |      22 |       0 |   0.0
        D:2 |      17 |       0 |   0.0 |       3 |       0 |   0.0
            +---------+---------+-------+---------+---------+-------
